 Dungeon Crawl Stone Soup version 0.31-a0-924-ge39a22a033 (webtiles) character file.

Game seed: 13677440193419382498

96 BinkBink the Trooper (level 4, -10/37 HPs)
             Began as a Demonspawn Berserker on Oct 18, 2023.
             Was a Believer of Trog.
             Mangled by Sigmund
             ... wielding a +1 heavy scythe
              (12 damage)
             ... on level 2 of the Dungeon.
             The game lasted 00:04:16 (2596 turns).

BinkBink the Trooper (Demonspawn Berserker)         Turns: 2596, Time: 00:04:16

Health: -10/37     AC: 16    Str: 20    XL:     4   Next: 41%
Magic:  4/4        EV:  6    Int:  8    God:    Trog [**....]
Gold:   56         SH:  0    Dex: 12    Spells: 3/3 levels left

rFire   . . .        a - +0 hand axe
rCold   . . .        (no shield)
rNeg    . . .        m - +0 plate armour
rPois   .            (no helmet)
rElec   .            (no cloak)
rCorr   .            (no gloves)
SInv    .            (no boots)
Will    .....        (no amulet) Stlth
                     (no ring)
HPRegen 0.26/turn    (no ring)
MPRegen 0.09/turn

%: no passive effects
@: confused, sanguine armoured
A: demonic guardian 1, sanguine armour 1, demonic magic 1
a: Renounce Religion, Berserk, Trog's Hand


You were on level 2 of the Dungeon.
You worshipped Trog.
Trog was pleased with you.
You visited 1 branch of the dungeon, and saw 2 of its levels.

You collected 56 gold pieces.

Inventory:

Hand Weapons
 a - a +0 hand axe (weapon)
Armour
 m - a +0 plate armour (worn)
Scrolls
 c - 2 scrolls of teleportation {unknown}
 d - a scroll of poison {unknown}
 e - a scroll of silence {unknown}
 g - 2 scrolls of identify {unknown}
 h - a scroll of enchant weapon {unknown}
 i - 2 scrolls of enchant armour {unknown}
 k - a scroll of vulnerability {unknown}
Potions
 f - 2 potions of resistance {unknown}
 j - a potion of curing {unknown}
 l - 2 potions of ambrosia {unknown}


   Skills:
 + Level 4.2 Fighting
 + Level 3.8 Axes
 + Level 1.8 Armour
 - Level 1.8 Dodging


You had 3 spell levels left.
You didn't know any spells.
Your spell library was empty.

Dungeon Overview and Level Annotations

Branches:
Dungeon (2/15)

Altars:

Annotations:
D:2 Sigmund


Innate Abilities, Weirdness & Mutations

A weak demonic guardian rushes to your aid.
When seriously injured, your blood forms armour. (AC +6)
Spells you cast may paralyse adjacent enemies.


Message History

Sigmund is lightly wounded.
You closely miss Sigmund.
Sigmund is lightly wounded.
Sigmund gestures at you while chanting.
The magic dart hits you but does no damage.
You hit Sigmund but do no damage.
Sigmund is lightly wounded.
Sigmund barely misses you.
You hit Sigmund but do no damage.
Sigmund is lightly wounded.
You hit Sigmund.
Sigmund is lightly wounded.
Sigmund points at you and mumbles some strange words.
You are confused.
You're too confused to move!
Sigmund hits you with a +1 heavy scythe!
You closely miss Sigmund.
Sigmund is lightly wounded.
You bump into the rock wall.
Sigmund casts a spell at you.
You are more confused.
You bump into the rock wall.
Sigmund hits you with a +1 heavy scythe.
You bump into the rock wall.
You closely miss Sigmund.
Sigmund is lightly wounded.
Sigmund laughs darkly.
Sigmund barely misses you.
You miss Sigmund.
Sigmund is lightly wounded.
You hit Sigmund.
Sigmund is moderately wounded.
Sigmund hits you with a +1 heavy scythe!
* * * LOW HITPOINT WARNING * * *
A demonic guardian appears!
You closely miss your white imp. You miss Sigmund.
You bump into the rock wall.
Sigmund hits you with a +1 heavy scythe!
You die...
Sigmund begins carving another notch in his scythe.

#########..........#####.....###)
........................>........
..........######..#..........###.
....................###....>.....
..........######....###..#.#.....
.........## #.........#.#.....
.........# #..#......###†....
#.....#### #.@.......# #.....
#..#..### #@#..####.# #.....
........########5#..# #.# #.....
#.###.#..........<..####.# #.....
..........###.#........#.###.....
#.###.#.#####................####
.......†......#..#####...###.#
......#.#####.#..# ##^..##.#
........# ##.#..#######...#.#
..###.#.####.................###


You could see Sigmund (ally target) and a friendly white imp (summoned).

Vanquished Creatures
  Robin (D:2)
  2 adders (D:2)
  A worm (D:2)
  A dart slug (D:2)
  4 bats
  3 endoplasms
  11 goblins
  7 hobgoblins
  3 jackals (D:1)
  4 kobolds
  2 quokkas
  5 ball pythons
  5 frilled lizards
  3 rats (D:1)
52 creatures vanquished.

Vanquished Creatures (collateral kills)
  3 goblins (D:2)
  A hobgoblin (D:2)
  A quokka (D:1)
5 creatures vanquished.

Grand Total: 57 creatures vanquished

Notes
Turn   | Place    | Note
-------+----------+-------------------------------------------
     0 | D:1      | BinkBink the Demonspawn Berserker began the quest for the
                  | Orb.
     0 | D:1      | Reached XP level 1. HP: 18/18 MP: 1/1
   218 | D:1      | Gained mutation: A weak demonic guardian rushes to your
                  | aid. [demonic ancestry]
   218 | D:1      | Reached XP level 2. HP: 21/24 MP: 2/2
  1533 | D:2      | Gained mutation: When seriously injured, your blood forms
                  | armour. (AC +6) [demonic ancestry]
  1533 | D:2      | Reached XP level 3. HP: 24/29 MP: 3/3
  1616 | D:2      | Noticed Robin
  1641 | D:2      | Reached ** piety under Trog
  1650 | D:2      | Killed Robin
  1737 | D:2      | Reached skill level 4 in Fighting
  1737 | D:2      | Gained mutation: Spells you cast may paralyse adjacent
                  | enemies. [demonic ancestry]
  1737 | D:2      | Reached XP level 4. HP: 26/37 MP: 4/4
  1834 | D:2      | Noticed Sigmund
  2596 | D:2      | Mangled by Sigmund

Illustrated notes

Levels and vault maps discovered:
D:1:      giann_forest_graveyard, layout_basic, chequers_big_river,
          roderic_lattice_a, minmay_misc_feat_tower, minivault_25,
          minmay_unequal
D:2:      layout_basic, pf_guarded_unrand_woodcutter, uniq_sigmund, uniq_robin

Skill      XL: |  1  2  3 |
---------------+----------+-----
Axes           | 3 |  3.8
Fighting       | 4 |  4.2
Armour         | |  1.8
Dodging        | |  1.8

Action                     |  1- 3 |  4- 6 || total
---------------------------+-------+-------++-------
  Melee: Hand axe          |   110 |    65 ||   175
         Punch             |       |     2 ||     2
   Stab: Sleeping          |     2 |       ||     2
 Armour: Animal skin       |    70 |    36 ||   106
         Plate armour      |       |     9 ||     9
  Dodge: Dodged            |    75 |    33 ||   108

Table legend: (Time is in decaauts)
 A = Elapsed time spent in this place.
 B = Non-inter-level travel time spent in this place.
 C = Inter-level travel time spent in this place.
 D = Time resting spent in this place.
 E = Time spent auto-exploring this place.
 F = Levels seen in this place.
 G = Mean time per level.
                   A        B        C        D        E       F      G
               +--------+--------+--------+--------+--------+-----+--------+
         Total |   2633 |   2563 |     70 |    257 |   1802 |   2 | 1316.5 |
       Dungeon |   2633 |   2563 |     70 |    257 |   1802 |   2 | 1316.5 |
               +--------+--------+--------+--------+--------+-----+--------+

Top non-repeatable levels by time:
     D:1: 1613 daAuts
     D:2: 1020 daAuts
